AoeStats
← Herby

Fortress

507652791Analyzed
4v4 RM · 13d ago on Sep 19, 2026· 34m 9s· 8 players
Game mode
Random Map
Map size
Huge
Population
200
Speed
Normal
Resources
Standard
Victory
Conquest
Starting age
Dark Age
Ending age
Imperial Age
RankedLock teamsTeams togetherTeam positionsShared explorationLock speedFull tech treeHidden civsTurbo modeCheats
Victory
Defeat
🇲🇽 Romans · Mexico
1430
+13
🇹🇼 Britons · Taiwan
1427
+13
🇲🇽 Italians · Mexico
1411
+14
🇹🇼 Burgundians · Taiwan
1331
+18
🇩🇪 Teutons · Germany
1384
-15
1380
-15
🇨🇳 Shu · China
1360
-14
🇨🇳 Wei · China
1347
-14
[CL] Poeta Violento IX
8:12 Feudal Age
11:59 Castle Age
10:24 Scale Barding Armor
10:08 Double-Bit Axe
10:12 Horse Collar
12:41 Bow Saw
13:22 Wheelbarrow
14:38 Heavy Plow
16:10 Husbandry
18:17 Scale Barding Armor
19:44 Chain Barding Armor
20:23 Forging
23:14 Gold Mining
23:14 Stone Mining
24:52 Hand Cart
24:22 Loom
24:28 Town Watch
25:34 Iron Casting
26:45 Gold Shaft Mining
26:45 Stone Shaft Mining
27:56 Bloodlines
29:59 Caravan
35:41 Imperial Age
Togepi
6:40 Feudal Age
11:46 Castle Age
10:04 Double-Bit Axe
10:08 Horse Collar
12:45 Heavy Plow
16:26 Bow Saw
18:44 Wheelbarrow
17:56 Town Watch
18:30 Loom
18:40 Loom
24:15 Imperial Age
22:22 Scale Barding Armor
22:28 Forging
22:14 Gold Mining
23:07 Fortified Wall
23:37 Chain Barding Armor
24:05 Bloodlines
24:49 Iron Casting
24:56 Iron Casting
24:20 Cavalier
25:38 Plate Barding Armor
25:25 Conscription
26:33 Ballistics
27:21 Hand Cart
27:42 Iron Casting
29:38 Fletching
30:11 Crenellations
30:41 Crop Rotation
30:14 Paladin
31:31 Paladin
31:38 Paladin
33:55 Blast Furnace
Yo win
7:09 Feudal Age
11:51 Castle Age
10:17 Double-Bit Axe
10:52 Horse Collar
11:52 Stone Mining
11:52 Gold Mining
16:33 Bow Saw
31:46 Imperial Age
31:33 Ballistics
看谁不爽肘谁
8:34 Feudal Age
7:35 Loom
12:45 Castle Age
10:51 Double-Bit Axe
11:17 Horse Collar
13:59 Bow Saw
15:50 Wheelbarrow
19:50 Fletching
20:21 Gold Mining
21:16 Bodkin Arrow
21:34 Crossbowman
26:56 Imperial Age
27:07 Imperial Age
24:53 Squires
25:08 Padded Archer Armor
26:15 Scale Mail Armor
27:24 Chain Mail Armor
28:00 Bolt Magazine
28:10 Arbalester
29:09 Thumb Ring
30:35 Bracer
Herby
8:28 Feudal Age
8:30 Loom
12:17 Castle Age
11:17 Double-Bit Axe
11:25 Gold Mining
13:48 Bow Saw
22:20 Wheelbarrow
24:17 Horse Collar
25:13 Ballistics
26:38 Hand Cart
33:56 Heavy Plow
[Pb] Komodo 3000
6:59 Feudal Age
10:26 Castle Age
9:40 Stone Mining
9:43 Gold Mining
10:46 Double-Bit Axe
16:19 Imperial Age
15:09 Fletching
19:08 Chemistry
20:50 Padded Archer Armor
27:42 Bodkin Arrow
28:43 Ballistics
yenyang
9:44 Feudal Age
13:06 Castle Age
11:01 Gold Mining
12:00 Horse Collar
18:45 Imperial Age
16:42 Ballistics
16:17 Double-Bit Axe
16:53 Fletching
19:46 Bow Saw
20:32 Bodkin Arrow
22:04 Bracer
22:32 Padded Archer Armor
23:57 Chemistry
23:46 Heavy Plow
26:10 Wheelbarrow
26:03 Sanctity
26:53 Block Printing
28:49 Leather Archer Armor
29:04 Illumination
28:40 Stone Mining
29:59 Two-Man Saw
29:15 Town Watch
29:16 Loom
30:55 Conscription
32:09 Hand Cart
32:10 Scale Mail Armor
32:29 Forging
33:29 Ring Archer Armor
33:24 Yeomen
34:06 Town Patrol
34:23 Chain Mail Armor
34:44 Iron Casting
IAMDAGG
6:43 Feudal Age
5:13 Double-Bit Axe
5:10 Horse Collar
7:37 Bow Saw
8:53 Heavy Plow
14:33 Castle Age
18:36 Wheelbarrow
19:05 Two-Man Saw
18:15 Gold Mining
19:44 Crop Rotation
26:50 Imperial Age
26:56 Hand Cart
26:28 Loom
26:47 Scale Mail Armor
26:58 Forging
27:06 Flemish Revolution
28:29 Chain Mail Armor
34:04 Plate Mail Armor
34:10 Iron Casting
Connection lost

Rejoining the realm…

Still unreachable

The connection could not be restored.

Session expired

The server has moved on; the page needs a fresh start.